 Dungeon Crawl Stone Soup version 0.29.0-13-gc9e81de378 (webtiles) character file.

Game seed: 3284664959069576775

49 Artool the Ducker (level 3, 0/28 HPs)
             Began as a Demonspawn Gladiator on Sept 7, 2022.
             Succumbed to a scorpion's poison
             ... on level 2 of the Dungeon.
             The game lasted 00:03:00 (1751 turns).

Artool the Ducker (Demonspawn Gladiator)            Turns: 1751, Time: 00:03:00

Health: 0/28       AC:  6    Str: 16    XL:     3   Next: 53%
Magic:  3/3        EV: 12    Int:  9    God:
Gold:   204        SH:  0    Dex: 14    Spells: 2/2 levels left

rFire   . . .      SeeInvis .   k - +0 whip
rCold   + . .      Faith    .   (no shield)
rNeg    . . .      Spirit   .   b - +0 leather armour
rPois   .          Reflect  .   c - +0 helmet
rElec   .          Harm     .   (no cloak)
rCorr   .          Rampage  .   (no gloves)
Will    .....                   (no boots)
Stlth   +.........              (no amulet)
HPRegen 0.09/turn               j - ring of flight
MPRegen 0.08/turn               h - ring of protection from cold

@: lethally poisoned (0 -> -20), flying
A: thin metallic scales 1, demonic touch 1
a: no special abilities


You were on level 2 of the Dungeon.
You visited 1 branch of the dungeon, and saw 3 of its levels.

You collected 204 gold pieces.

Inventory:

Hand Weapons
 a - a +0 flail
 k - a +0 whip (weapon)
Missiles
 d - 3 throwing nets (quivered)
 e - a javelin
Armour
 b - a +0 leather armour (worn)
 c - a +0 helmet (worn)
Jewellery
 h - a ring of protection from cold (right hand)
 j - a ring of flight (left hand)
Scrolls
 f - 2 scrolls of identify {unknown}
 i - 2 scrolls of enchant armour {unknown}
 l - 2 scrolls of fog {unknown}
 m - a scroll of teleportation {unknown}
Potions
 g - a potion of mutation {unknown}


   Skills:
 + Level 2.5 Fighting
 + Level 3.0 Maces & Flails
 - Level 2.0 Throwing
 + Level 1.2 Armour
 + Level 3.1 Dodging


You had 2 spell levels left.
You didn't know any spells.
Your spell library contained the following spells:

 Spells                   Type           Power      Damage    Failure   Level
 Foxfire                  Conj/Fire      0%         2x1d4     45%         1
 Conjure Flame            Conj/Fire      0%         6-21      83%         3
 Inner Flame              Hex/Fire       0%         N/A       83%         3
 Tukima's Dance           Hex            0%         N/A       83%         3
 Flame Wave               Conj/Fire      0%         2d4       99%         4
 Passage of Golubria      Tloc           0%         N/A       99%         4
 Yara's Violent Unravell  Hex/Tmut       0%         3d3       100%        5


Dungeon Overview and Level Annotations

Branches:
Dungeon (3/15)

Altars:


Innate Abilities, Weirdness & Mutations

You are partially covered in thin metallic scales. (AC +2)
Your touch may inflict minor irresistible damage on your foes.


Message History

Found a stone staircase leading up.
No target in view!
There is a stone staircase leading down here.
Found a book of Flames.
You see here a book of Flames.
There is a stone staircase leading up here.
There is an open door here.
l - 2 scrolls labelled NECUNE EPRANIH (gained 1)
You reach down and open the door.
There is an open door here.
There is an open door here.
Found an escape hatch in the ceiling.
Found a stone staircase leading down.
There is an escape hatch in the ceiling here.
You now have 204 gold pieces (gained 17).
You see here a +1 plate armour of fire resistance.
Done exploring.
There is a stone staircase leading down here.
You fly downwards.
There is a stone staircase leading up here.
Found a stone staircase leading down.
A scorpion comes into view.
The scorpion attacks as you move away! The scorpion stings you.
The scorpion misses you. The scorpion attacks as you move away!
The scorpion stings you.
The scorpion stings you but does no damage.
There is a stone staircase leading up here.
The scorpion stings you.
You fly upwards.
There is a stone staircase leading down here.
The scorpion attacks as you move away! The scorpion stings you.
You are lethally poisoned!
The scorpion poisons you!
You feel very sick.
* * * LOW HITPOINT WARNING * * *
You feel sick. The scorpion stings you.
* * * LOW HITPOINT WARNING * * *
You are more poisoned.
The scorpion poisons you!
You closely miss the scorpion. Your touch misses the scorpion.
You die...

#.#..#.########....
#....#.............
######.#######.....
###....# #..... #......#
#.....
#######+##...#######.....
#......><................
#......s.############....
#.......@# #....
#........# #####....
#.......[# #........
#........# #.....>..
#........# #........
########## #........
#........ #........
#........


You could see a scorpion.

Vanquished Creatures
  2 adders (D:2)
  5 ball pythons
  5 endoplasms
  2 giant cockroaches (D:2)
  2 goblins (D:2)
  2 hobgoblins
  A quokka (D:2)
  5 bats
  A kobold (D:2)
  6 rats
31 creatures vanquished.

Notes
Turn   | Place    | Note
-------+----------+-------------------------------------------
     0 | D:1      | Artool the Demonspawn Gladiator began the quest for the
                  | Orb.
     0 | D:1      | Reached XP level 1. HP: 16/16 MP: 1/1
   463 | D:1      | Found a faded altar of an unknown god.
   482 | D:1      | Gained mutation: You are partially covered in thin metallic
                  | scales. (AC +2) [demonic ancestry]
   482 | D:1      | Reached XP level 2. HP: 11/22 MP: 2/2
  1029 | D:2      | Reached skill level 1 in Armour
  1064 | D:2      | Gained mutation: Your touch may inflict minor irresistible
                  | damage on your foes. [demonic ancestry]
  1064 | D:2      | Reached XP level 3. HP: 28/28 MP: 3/3
  1731 | D:3      | Noticed a scorpion
  1751 | D:2      | Succumbed to a scorpion's poison

Illustrated notes

Levels and vault maps discovered:
D:1:      dpeg_arrival_short_road, layout_rooms,
          dreamdust_ecumenical_altar_angels_and_demons,
          dreamdust_mushroom_princess
D:2:      layout_basic, kennysheep_crisscross, minivault_23,
          kennysheep_generic_room_14
D:3:      layout_basic, kennysheep_slug_shrine

Skill      XL: |  1  2 |
---------------+-------+-----
Throwing       | 2 |  2.0
Dodging        | 3 |  3.1
Maces & Flails | 3 |  3.0
Armour         | 1 |  1.2
Fighting       | |  2.5

Action                   || total
-------------------------++-------
Melee: Flail             ||    34
       Punch             ||     2
       Whip              ||    64
       Touch             ||     4
Armor: Leather armour    ||    40
Dodge: Dodged            ||    50
